AoeStats
← JRoBot

Arabia

510527528Analyzed
1v1 RM · 22h ago on Oct 1, 2026· 70m 7s· 2 players
Game mode
Random Map
Map size
Tiny (2 player)
Population
200
Speed
Normal
Resources
Standard
Victory
Conquest
Starting age
Dark Age
Ending age
Imperial Age
RankedLock teamsTeams togetherTeam positionsShared explorationLock speedFull tech treeHidden civsTurbo modeCheats
Victory
Defeat
🇬🇧 Varangians · United Kingdom
955
+15
🇸🇰 Maya · Slovakia
939
-38
JRoBot
0:26 Loom
11:04 Feudal Age
11:45 Double-Bit Axe
13:54 Wheelbarrow
16:38 Horse Collar
18:12 Fletching
19:19 Scale Mail Armor
23:19 Castle Age
23:57 Crossbowman
24:05 Pikeman
25:14 Bodkin Arrow
25:44 Thumb Ring
27:27 Bow Saw
32:05 Squires
33:30 Ballistics
38:19 Padded Archer Armor
39:46 Chain Mail Armor
39:46 Leather Archer Armor
40:46 Forging
40:59 Elite Skirmisher
41:41 Hul'che Javelineers
46:18 Imperial Age
47:07 Bracer
47:37 Ring Archer Armor
47:32 Conscription
49:49 Two-Man Saw
49:29 Halberdier
50:39 Heavy Plow
50:17 Arbalester
51:27 Hand Cart
52:36 Crop Rotation
54:56 Gold Mining
56:49 Chemistry
58:35 Guilds
59:17 Arson
60:06 Plate Mail Armor
66:48 Ring Archer Armor
R0G3R
6:52 Loom
9:55 Feudal Age
11:04 Double-Bit Axe
12:02 Bloodlines
14:56 Scale Barding Armor
16:13 Forging
22:08 Castle Age
23:36 Chain Barding Armor
23:24 Gold Mining
24:23 Husbandry
26:30 Bow Saw
31:25 Wheelbarrow
30:36 Town Watch
31:25 Stone Mining
31:38 Horse Collar
33:38 Hand Cart
36:31 Fletching
36:42 Padded Archer Armor
38:27 Heavy Plow
41:20 Imperial Age
38:34 Vendel Legacy
39:58 Iron Casting
39:50 Bodkin Arrow
40:11 Leather Archer Armor
42:42 Murder Holes
43:49 Chemistry
43:14 Ballistics
45:12 Conscription
45:28 Cavalier
46:43 Ring Archer Armor
48:26 Blast Furnace
47:54 Bracer
50:43 Crop Rotation
51:54 Plate Barding Armor
51:20 Scale Mail Armor
52:24 Chemistry
51:30 Siege Engineers
51:35 Masonry
51:06 Treadmill Crane
51:39 Fortified Wall
51:21 Guard Tower
51:31 Elite Jarl
52:40 Gothikon
56:12 Light Cavalry
57:20 Crossbowman
57:42 Hussar
60:28 Elite Skirmisher
62:45 Architecture
Connection lost

Rejoining the realm…

Still unreachable

The connection could not be restored.

Session expired

The server has moved on; the page needs a fresh start.